 Dungeon Crawl Stone Soup version 0.25-a0-251-g572059c536 (webtiles) character file.

Game seed: 5415215916685932875, levelgen mode: deterministic

429 DavidChitty2 the Covered (level 6, -4/39 HPs)
             Began as a Gargoyle Fighter on Dec 4, 2019.
             Was an Initiate of Okawaru.
             Slain by an ogre
             ... wielding a +0 giant club
              (20 damage)
             ... on level 5 of the Dungeon.
             The game lasted 00:06:45 (4440 turns).

DavidChitty2 the Covered (Gargoyle Fighter)         Turns: 4440, Time: 00:06:46

Health: -4/39      AC: 16    Str: 21    XL:     6   Next: 98%
Magic:  6/6        EV:  5    Int: 11    God:    Okawaru [......]
Gold:   228        SH:  9    Dex:  9    Spells: 5/5 levels left

rFire    . . .     SeeInvis .   a - +2 whip (venom)
rCold    . . .     Gourm    .   c - +0 shield
rNeg     + . .     Faith    .   p - +0 chain mail
rPois    ∞         Spirit   .   o - +1 helmet
rElec    +         Reflect  .   (no cloak)
rCorr    .         Harm     .   (no gloves)
MR       .....                  (no boots)
Stlth    ..........             (no amulet)
HPRegen  0.13/turn              f - +2 ring of intelligence
MPRegen  0.10/turn              (no ring)

@: no status effects
A: negative energy resistance 1, electricity resistance, unbreathing,
petrification resistance, rot immunity, AC +4
a: Renounce Religion


You were on level 5 of the Dungeon.
You worshipped Okawaru.
Okawaru was noncommittal.
You were not hungry.

You visited 2 branches of the dungeon, and saw 6 of its levels.
You also visited: Sewer.

You collected 228 gold pieces.

Inventory:

Hand Weapons
 a - a +2 whip of venom (weapon)
   (You took it off a kobold on level 2 of the Dungeon)
Armour
 c - a +0 shield (worn)
 o - a +1 helmet (worn)
   (You took it off Robin on level 2 of the Dungeon)
 p - a +0 chain mail (worn)
   (You found it on level 4 of the Dungeon)
Jewellery
 f - a +2 ring of intelligence (left hand)
   (You found it on level 4 of the Dungeon)
Wands
 d - a wand of iceblast (3)
   (You took it off Ijyb on level 4 of the Dungeon)
 t - a wand of flame (21)
   (You took it off Jessica on level 2 of the Dungeon)
 x - a wand of acid (10)
   (You found it on level 4 of the Dungeon)
Scrolls
 i - a scroll of fog {unknown}
 k - 4 scrolls of teleportation {@r4}
 l - a scroll of magic mapping
 n - 3 scrolls of remove curse {@r2}
 r - 2 scrolls of enchant weapon
 u - a scroll of immolation {!r}
 v - a scroll of noise {unknown}
Potions
 g - 2 potions of lignification {!q}
 h - a potion of haste {unknown}
 j - a potion of brilliance
 m - 5 potions of might
 q - 4 potions of flight
 s - 3 potions of curing {@q1}
Comestibles
 b - 3 chunks of flesh
 e - 9 rations {!d}


   Skills:
 + Level 4.7 Fighting
 * Level 4.6 Maces & Flails
 + Level 4.7 Armour
 + Level 4.7 Shields
 + Level 0.4 Invocations


You had 5 spell levels left.
You didn't know any spells.
Your spell library was empty.

Dungeon Overview and Level Annotations

Branches:
Dungeon (5/15)             Temple (1/1) D:4           Sewer (visited)

Altars:
Cheibriados
Dithmenos
Elyvilon
Fedhas
Gozag
Hepliaklqana
Kikubaaqudgha
Nemelex Xobeh
Okawaru
Ru
Sif Muna
Vehumet
Wu Jian
Xom
Yredelemnul
Zin
The Shining One


Innate Abilities, Weirdness & Mutations

You are resistant to torment.
Your stone body is resilient. (AC +4)
You are immune to poison.
You resist negative energy. (rN+)
You are resistant to electric shocks. (rElec)
You can survive without breathing.
You are immune to petrification.
You are immune to rotting.


Message History

No target in view!
Found a stone staircase leading down.
An adder skeleton comes into view.
An adder skeleton is nearby!
An adder skeleton is nearby!
You block the adder skeleton's attack.
Found 23 stones and 15 arrows.
You hit the adder skeleton. You block the adder skeleton's attack.
You hit the adder skeleton.
The adder skeleton completely misses you.
Your chain mail prevents you from hitting the adder skeleton.
You block the adder skeleton's attack.
You hit the adder skeleton but do no damage.
The adder skeleton bites you but does no damage.
You whack the adder skeleton!
You destroy the adder skeleton!
Okawaru accepts your kill.
No target in view!
No target in view!
No target in view!
As you open the door, it creaks loudly!
There is an open door here.
As you open the door, it creaks loudly!
You hear a shout!
There is an open door here.
An ogre comes into view. It is wielding a +0 giant club.
An ogre is nearby!
An ogre is nearby!
You hear a distant slurping noise.
Found a scimitar.
The ogre hits you but does no damage.
You barely miss the ogre.
A centaur comes into view.
The ogre hits you with a +0 giant club.
Your chain mail prevents you from hitting the ogre.
The centaur shouts!
You hit the ogre but do no damage.
The ogre is poisoned.
The ogre hits you with a +0 giant club.
You hit the ogre.
The ogre looks as sick as possible!
The ogre hits you but does no damage.
You hit the ogre.
The ogre looks as sick as possible!
Your shield and chain mail prevent you from hitting the ogre.
The ogre hits you with a +0 giant club!
* * * LOW HITPOINT WARNING * * *
You hit the ogre.
The ogre looks as sick as possible!
A worker ant comes into view.
The ogre hits you but does no damage.
You hit the ogre but do no damage.
The ogre looks as sick as possible!
The ogre hits you with a +0 giant club!!
Ouch! That really hurt!
You die...

##### #...#######
#...'.....# #...##.##.#
###.#######'###.##.#
#...acO@.....((.##.#####
#)#.####.##.###.##......
..............#
###.##.###.###.#
##.##.###.###.####
.................
#.##.###..##.####
#.##.###..##.#
..######.........##.#


You could see an ogre, a centaur and a worker ant.

Vanquished Creatures
  A hound (D:4)
  A bullfrog skeleton (D:4)
  An iguana (D:5)
  Jessica (D:2)
  Ijyb (D:4)
  A merfolk siren (Sewer)
  A worker ant (D:4)
  A merfolk avatar (Sewer)
  Robin (D:2)
  4 gnolls (D:4)
  6 adders
  2 river rats
  An ooze (D:4)
  2 adder skeletons
  A dart slug (D:2)
  2 leopard geckos
  8 ball pythons
  8 giant cockroaches
  11 goblins
  6 hobgoblins
  5 jackals
  7 kobolds
  A quokka (D:4)
  6 bats
  8 frilled lizards
  27 rats
114 creatures vanquished.

Notes
Turn   | Place    | Note
-------+----------+-------------------------------------------
     0 | D:1      | DavidChitty2 the Gargoyle Fighter began the quest for the
                  | Orb.
     0 | D:1      | Reached XP level 1. HP: 14/14 MP: 1/1
   123 | D:1      | Reached XP level 2. HP: 18/19 MP: 2/2
   893 | D:2      | Reached XP level 3. HP: 23/23 MP: 3/3
   951 | D:2      | Noticed Jessica
   960 | D:2      | Killed Jessica
  1008 | D:2      | Reached XP level 4. HP: 5/29 MP: 4/4
  1426 | D:2      | Noticed Robin
  1453 | D:2      | Killed Robin
  1774 | D:3      | Found a glowing drain.
  1801 | Sewer    | Entered a sewer
  1878 | Sewer    | Reached XP level 5. HP: 33/33 MP: 5/5
  2225 | Sewer    | Noticed a malarious merfolk avatar
  2240 | Sewer    | Killed a malarious merfolk avatar
  2637 | D:3      | Reached XP level 6. HP: 38/38 MP: 6/6
  3674 | D:4      | Found an ancient bone altar of Kikubaaqudgha.
  3837 | D:4      | Noticed Ijyb
  3856 | D:4      | Killed Ijyb
  3955 | D:4      | Found a staircase to the Ecumenical Temple.
  3971 | Temple   | Entered the Ecumenical Temple
  4125 | Temple   | Became a worshipper of Warmaster Okawaru
  4347 | D:5      | Entered Level 5 of the Dungeon
  4440 | D:5      | Slain by an ogre

Levels and vault maps discovered:
D:1:      minmay_arrival_glassed_features, layout_basic
D:2:      layout_basic, uniq_jessica, uniq_robin
D:3:      layout_loops_corners, portal_sewer_entry_a
D:4:      layout_loops_ring, lemuel_doored_altar, minmay_temple_entry_glass,
          serial_glass, glass_columns_a, glass_columns_b, glass_columns_a,
          glass_columns_c, first_ration, uniq_ijyb
D:5:      layout_basic, serial_shops, shop
Temple:   eino_temple_scatter_basement

Skill      XL: |  1  2  3  4  5 |
---------------+----------------+-----
Maces & Flails | 3 4 |  4.6
Shields        | 4 |  4.7
Armour         | 4 |  4.7
Fighting       | 4 |  4.7
Invocations    | |  0.4

Action                   |  1- 3 |  4- 6 || total
-------------------------+-------+-------++-------
Melee: Flail             |   129 |    67 ||   196
       Whip              |       |   243 ||   243
Evoke: Wand              |       |     3 ||     3
  Use: Scroll            |       |    10 ||    10
  Eat: Chunk             |       |    12 ||    12
Armor: Scale mail        |   105 |   129 ||   234
       Chain mail        |       |     7 ||     7
Dodge: Dodged            |    58 |    78 ||   136
Block: Shield            |    79 |   141 ||   220

Table legend:
 A = Non-vault XP
 B = Vault XP
 C = Vault XP percentage of total XP
 D = Non-vault monster count
 E = Vault monster count
 F = Vault count percentage of total count
                 A         B        C        D         E       F
            +---------+---------+-------+---------+---------+-------
      Total |     357 |     256 |  41.8 |      64 |      50 |  43.9
            +---------+---------+-------+---------+---------+-------
        D:1 |      33 |       0 |   0.0 |      22 |       0 |   0.0
        D:2 |      27 |      65 |  70.7 |      15 |       9 |  37.5
        D:3 |      50 |      17 |  25.4 |      10 |       4 |  28.6
        D:4 |     202 |      35 |  14.8 |      14 |       1 |   6.7
        D:5 |      45 |       0 |   0.0 |       3 |       0 |   0.0
      Sewer |       0 |     139 | 100.0 |       0 |      36 | 100.0
            +---------+---------+-------+---------+---------+-------
